 Dungeon Crawl Stone Soup version 0.22-a0-443-g17c3723 (webtiles) character file.

72 KristoblXynda the Sneak (level 4, -3/27 HPs)
             Began as an Octopode Enchanter on June 1, 2018.
             Killed from afar by Sigmund (10 damage)
             ... with a puff of flame
             ... on level 2 of the Dungeon.
             The game lasted 00:02:55 (1986 turns).

KristoblXynda the Sneak (Octopode Enchanter)        Turns: 1986, Time: 00:02:55

Health: -3/27      AC:  1    Str: 12    XL:     4   Next: 25%
Magic:  8/8        EV: 13    Int: 18    God:
Gold:   85         SH:  0    Dex: 15    Spells: 2/8 levels left

rFire    . . .     SeeInvis .   a - +1 dagger
rCold    . . .     Gourm    .   (no shield)
rNeg     . . .     Faith    .   (helmet restricted)
rPois    .         Spirit   .   (no amulet)
rElec    .         Reflect  .   k - +3 ring of dexterity
rCorr    .         Harm     .   (no ring)
MR       .....                  (no ring)
Stlth    ++++......             (no ring)
HPRegen  0.09/turn              (no ring)
MPRegen  0.11/turn              (no ring)
                                (no ring)
                                (no ring)

@: mighty, flying
A: almost no armour, stealthy swim, amphibious, 8 rings, constrict 8, camouflage
1, gelatinous body 1
a: no special abilities


You were on level 2 of the Dungeon.
You were hungry.

You visited 1 branch of the dungeon, and saw 2 of its levels.

You collected 85 gold pieces.

Inventory:

Hand Weapons
 a - a +1 dagger (weapon)
Jewellery
 d - an uncursed amulet of rage {unknown}
 k - a +3 ring of dexterity (left tentacle)
Scrolls
 b - a scroll of random uselessness {unknown}
 e - a scroll of enchant weapon {unknown}
 f - a scroll of enchant armour {unknown}
 g - 2 scrolls of remove curse {unknown}
 h - a scroll of magic mapping {unknown}
 i - a scroll of identify {unknown}
Potions
 j - a potion of flight
 m - a potion of degeneration {unknown}
Comestibles
 c - 2 rations


   Skills:
 - Level 1.0 Short Blades
 - Level 2.0 Dodging
 + Level 5.2 Stealth
 + Level 2.8 Spellcasting
 + Level 3.7 Hexes


You had 2 spell levels left.
You knew the following spells:

 Your Spells              Type           Power        Failure   Level  Hunger
a - Corona                Hex            ###....      3%          1    None
b - Ensorcelled Hibernat  Hex/Ice        #.....       12%         2    ##.....
c - Confuse               Hex            ###.....     11%         3    ###....

Your spell library contained the following spells:

 Spells                   Type           Power        Failure   Level  Hunger
 Tukima's Dance           Hex            ###.....     11%         3    ###....
 Dazzling Spray           Conj/Hex       #.....       22%         3    ###....


Dungeon Overview and Level Annotations

Branches:
Dungeon (2/15)

Altars:

Annotations:
D:2 1 runed door, Sigmund


Innate Abilities, Weirdness & Mutations

You cannot wear most types of armour.
You are very stealthy in the water. (Stealth+)
You are amphibious.
You can wear up to eight rings at the same time.
You can use your tentacles to constrict eight enemies at once.
Your skin changes colour to match your surroundings (Stealth+).
Your rubbery body absorbs attacks. (AC +1, EV +1)


Message History

You are confused.
You bump into the rock wall.
You hear some strange, mumbled words.
Something tries to affect you, but you resist.
You bump into the rock wall.
Something hits you.
You bump into the rock wall.
You feel less confused.
You are feeling hungry.
A puff of flame appears from out of thin air!
The puff of flame hits you!
* * * LOW HITPOINT WARNING * * *
It was a potion of flight.
You feel very buoyant.
You fly up into the air.
It was a potion of might.
You feel very mighty all of a sudden.
You hear some strange, mumbled words.
A puff of flame appears from out of thin air!
The puff of flame hits you!
You die...

#...######...##
#####........)....#
.......#######...##
.####.## ##.##
......# #.# .####.#
#.## .## #.# #..#
..# #.# ##.# #.#
#.# #@# #.# #.# #.#
#.# #(## #.# #.#
#..# #.# #.# #..#
#.# ..###..# #.#
.......# #.#
.#####.# #.# ## #.#
#.#


There were no monsters in sight!

Vanquished Creatures
  3 adders (D:2)
  An ooze (D:2)
  2 dart slugs
  5 bats
  A bat zombie (D:1)
  2 giant cockroaches
  7 goblins
  4 hobgoblins
  8 kobolds
  A ball python (D:2)
  A quokka zombie (D:1)
  A rat (D:1)
36 creatures vanquished.

Notes
Turn   | Place    | Note
-------+----------+-------------------------------------------
     0 | D:1      | KristoblXynda the Octopode Enchanter began the quest for the Orb.
     0 | D:1      | Reached XP level 1. HP: 11/11 MP: 3/3
   326 | D:1      | Reached XP level 2. HP: 16/17 MP: 5/5
   330 | D:1      | Learned a level 2 spell: Ensorcelled Hibernation
   756 | D:1      | Reached XP level 3. HP: 21/21 MP: 6/6
   876 | D:1      | Learned a level 3 spell: Confuse
  1097 | D:2      | Reached skill level 5 in Stealth
  1100 | D:2      | Reached XP level 4. HP: 15/27 MP: 6/8
  1789 | D:2      | Found a runed door.
  1964 | D:2      | Noticed Sigmund
  1986 | D:2      | Killed from afar by Sigmund

Vault maps used:
D:1:      saegor_arrival_fortress
D:2:      uniq_sigmund, uniq_crazy_yiuf_cottage

Skill      XL: |  1  2  3 |
---------------+----------+-----
Stealth        | 5 |  5.2
Short Blades   | |  1.0
Dodging        | |  2.0
Spellcasting   | |  2.8
Hexes          | |  3.7

Action                   |  1- 3 |  4- 6 || total
-------------------------+-------+-------++-------
Melee: Dagger            |    67 |    19 ||    86
       Constrict         |    13 |     4 ||    17
       Tentacles         |     7 |     1 ||     8
 Cast: Ensorcelled Hiber |     1 |     2 ||     3
  Use: Potion            |       |     2 ||     2
 Stab: Sleeping          |     9 |     5 ||    14
  Eat: Chunk             |       |     3 ||     3
Armor: Skin              |     7 |       ||     7
Dodge: Dodged            |    34 |    12 ||    46

Table legend:
 A = Spawn XP
 B = Non-spawn XP
 C = Spawn XP percentage of total XP
 D = Spawn monster count
 E = Non-spawn monster count
 F = Spawn count percentage of total count
 G = Total turns spent on level
                    A         B        C        D         E        F      G
               +---------+---------+-------+---------+---------+-------+---------
         Total |       0 |     103 |   0.0 |       0 |      36 |   0.0 |  1986
               +---------+---------+-------+---------+---------+-------+---------
           D:1 |       0 |      34 |   0.0 |       0 |      19 |   0.0 |   912
           D:2 |       0 |      69 |   0.0 |       0 |      17 |   0.0 |  1074
               +---------+---------+-------+---------+---------+-------+---------
